[ AOE2 MATCH · #479889133 ]
UnrankedGurjaras vs Byzantines
[ REPLAY ANALYSIS · EXTRACTED FROM THE RECORDED GAME ]
Feudal
13:34
Castle
17:29
Imperial
38:45
| APM avg | 38.2 |
| APM peak | 69 |
| eAPM avg | 20.4 |
| Villagers / military | 132 / 189 |
Focus
⚔️ 22.4% · 🌾 77.6%
Camel Scout ×126 · Shrivamsha Rider ×52 · Trebuchet (Packed) ×7 · Scorpion ×4
Feudal
15:07
Castle
18:43
Imperial
—
| APM avg | 38.8 |
| APM peak | 85 |
| eAPM avg | 18.6 |
| Villagers / military | 170 / 151 |
Focus
⚔️ 23.7% · 🌾 76.3%
Knight ×75 · Archer ×74 · Spearman ×2
Feudal
13:03
Castle
16:36
Imperial
35:28
| APM avg | 46.0 |
| APM peak | 129 |
| eAPM avg | 27.6 |
| Villagers / military | 218 / 297 |
Focus
⚔️ 42.0% · 🌾 58.0%
Archer ×236 · Skirmisher ×25 · Trebuchet (Packed) ×23 · Bombard Cannon ×6 · Scorpion ×5 · Monk ×2
Feudal
11:52
Castle
23:20
Imperial
43:30
| APM avg | 45.4 |
| APM peak | 87 |
| eAPM avg | 19.6 |
| Villagers / military | 133 / 124 |
Focus
⚔️ 35.4% · 🌾 64.6%
Knight ×112 · Scout Cavalry ×5 · Battering Ram ×3 · Monk ×2 · Spearman ×2
Match map
Initial resources + every placement click. Lines = walls · curves = elevation contours. ◆ gold · ⬟ stone · ● berries · ✦ relic · ◌ wall gap
Your base· Open — unwalled flank
capgam7ng's base· Open — unwalled flank
[Ne0] Nicolas del Caño's base· Open — 8t gap
[Ne0] Carlos Menem's base· Open — 3t gap
Smoothed initial terrain · ◌ = detected wall gap · hover for details
Inputs per minute
— Vukus - - capgam7ng
Build order — Vukus
First 150 of 365 actions detected
| 0:39 | Build | Town Center |
| 2:32 | Build | House |
| 2:32 | Create | Villager (Male) |
| 2:32 | Create | Villager (Male) |
| 2:33 | Create | Villager (Male) |
| 2:33 | Create | Villager (Male) |
| 3:42 | Create | Villager (Male) |
| 4:03 | Create | Villager (Male) |
| 4:28 | Build | House |
| 4:38 | Build | Lumber Camp |
| 4:40 | Create | Villager (Male) |
| 4:40 | Create | Villager (Male) |
| 5:07 | Create | Villager (Male) |
| 5:32 | Create | Villager (Male) |
| 5:58 | Create | Villager (Male) |
| 6:20 | Build | House |
| 7:10 | Create | Villager (Male) |
| 7:19 | Create | Villager (Male) |
| 7:33 | Create | Villager (Male) |
| 7:58 | Create | Villager (Male) |
| 8:05 | Build | House |
| 8:43 | Create | Villager (Male) |
| 8:59 | Build | Mill |
| 9:09 | Build | House |
| 9:17 | Build | House |
| 9:18 | Create | Villager (Male) |
| 9:27 | Build | Mining Camp |
| 9:29 | Build | House |
| 9:35 | Create | Villager (Male) |
| 9:48 | Create | Villager (Male) |
| 10:27 | Create | Villager (Male) |
| 10:51 | Create | Villager (Male) |
| 11:22 | Research | Feudal Age |
| 11:35 | Build | House |
| 11:44 | Build | House |
| 11:55 | Build | House |
| 12:07 | Build | House |
| 12:42 | Create | Villager (Male) |
| 12:42 | Create | Villager (Male) |
| 13:15 | Build | Palisade Wall |
| 13:18 | Build | Palisade Gate |
| 13:34 | Age | Feudal Age |
| 13:36 | Build | Blacksmith |
| 13:40 | Build | Market |
| 14:15 | Research | Loom |
| 14:23 | Research | Castle Age |
| 14:32 | Build | House |
| 14:42 | Build | Palisade Wall |
| 14:52 | Build | Palisade Wall |
| 14:54 | Build | Palisade Wall |
| 15:28 | Build | Barracks |
| 15:50 | Research | Double-Bit Axe |
| 16:08 | Create | Villager (Male) |
| 16:10 | Create | Villager (Male) |
| 16:30 | Build | Stable |
| 16:36 | Research | Scale Barding Armor |
| 16:37 | Create | Villager (Male) |
| 16:54 | Create | Villager (Male) |
| 17:29 | Age | Castle Age |
| 17:32 | Create | Camel Scout |
| 17:32 | Create | Camel Scout |
| 17:36 | Create | Villager (Male) |
| 18:00 | Create | Camel Scout |
| 18:04 | Create | Villager (Male) |
| 18:15 | Create | Villager (Male) |
| 18:21 | Build | Town Center |
| 18:37 | Create | Villager (Male) |
| 18:41 | Create | Villager (Male) |
| 18:45 | Build | House |
| 18:48 | Build | House |
| 18:53 | Build | Palisade Wall |
| 18:54 | Create | Villager (Male) |
| 18:57 | Create | Villager (Male) |
| 19:03 | Research | Bow Saw |
| 19:23 | Build | House |
| 19:32 | Create | Camel Scout |
| 19:37 | Create | Villager (Male) |
| 19:49 | Create | Camel Scout |
| 19:51 | Create | Villager (Male) |
| 20:00 | Create | Villager (Male) |
| 20:01 | Create | Villager (Male) |
| 20:01 | Create | Villager (Male) |
| 20:05 | Research | Horse Collar |
| 20:09 | Build | Farm |
| 20:10 | Build | Farm |
| 20:14 | Build | Farm |
| 20:16 | Build | Farm |
| 20:17 | Create | Villager (Male) |
| 20:24 | Build | House |
| 20:37 | Create | Villager (Male) |
| 21:08 | Create | Villager (Male) |
| 21:09 | Create | Villager (Male) |
| 21:24 | Build | Town Center |
| 21:29 | Build | Mining Camp |
| 21:31 | Create | Villager (Male) |
| 21:46 | Create | Villager (Male) |
| 21:48 | Build | Farm |
| 21:49 | Build | Farm |
| 21:52 | Build | Farm |
| 21:53 | Create | Villager (Male) |
| 21:56 | Build | House |
| 22:09 | Build | Farm |
| 22:11 | Create | Villager (Male) |
| 22:31 | Build | Farm |
| 22:33 | Build | Farm |
| 22:36 | Create | Villager (Male) |
| 22:39 | Create | Villager (Male) |
| 22:53 | Create | Villager (Male) |
| 22:56 | Build | Farm |
| 22:59 | Build | Farm |
| 23:04 | Create | Camel Scout |
| 23:05 | Create | Camel Scout |
| 23:17 | Create | Villager (Male) |
| 23:26 | Build | Farm |
| 23:34 | Create | Villager (Male) |
| 23:34 | Create | Villager (Male) |
| 23:49 | Create | Villager (Male) |
| 24:00 | Build | House |
| 24:00 | Build | House |
| 24:04 | Build | Town Center |
| 24:06 | Create | Villager (Male) |
| 24:23 | Create | Villager (Male) |
| 24:30 | Create | Villager (Male) |
| 24:40 | Build | House |
| 24:42 | Build | House |
| 24:44 | Build | House |
| 24:45 | Build | House |
| 24:46 | Build | House |
| 24:47 | Build | House |
| 24:49 | Build | House |
| 24:50 | Research | Wheelbarrow |
| 24:54 | Build | Farm |
| 24:54 | Build | Farm |
| 24:54 | Build | Farm |
| 24:55 | Build | Farm |
| 24:57 | Create | Villager (Male) |
| 25:05 | Create | Shrivamsha Rider |
| 25:12 | Create | Camel Scout |
| 25:19 | Create | Villager (Male) |
| 25:23 | Build | Farm |
| 25:24 | Build | Farm |
| 25:24 | Build | Farm |
| 25:26 | Create | Villager (Male) |
| 25:34 | Build | Gate |
| 25:38 | Build | House |
| 25:39 | Build | House |
| 25:40 | Build | House |
| 25:41 | Create | Villager (Male) |
| 25:54 | Create | Villager (Male) |
| 26:01 | Build | Lumber Camp |
Build order — capgam7ng
First 150 of 370 actions detected
| 1:44 | Build | Town Center |
| 2:07 | Build | House |
| 3:47 | Create | Villager (Male) ×4 |
| 3:47 | Create | Villager (Male) ×4 |
| 4:28 | Create | Villager (Male) |
| 4:29 | Create | Villager (Male) |
| 4:48 | Build | House |
| 5:12 | Create | Villager (Male) |
| 5:12 | Create | Villager (Male) |
| 5:30 | Create | Villager (Male) |
| 5:31 | Create | Villager (Male) |
| 5:31 | Build | House |
| 5:56 | Create | Villager (Male) |
| 5:56 | Create | Villager (Male) |
| 6:14 | Build | Mill |
| 6:17 | Create | Villager (Male) |
| 6:18 | Create | Villager (Male) |
| 6:40 | Create | Villager (Male) |
| 6:40 | Create | Villager (Male) |
| 7:10 | Create | Villager (Male) |
| 7:10 | Create | Villager (Male) |
| 7:26 | Create | Villager (Male) |
| 7:26 | Create | Villager (Male) |
| 7:32 | Build | House |
| 8:08 | Create | Villager (Male) |
| 8:13 | Create | Villager (Male) |
| 8:43 | Build | Lumber Camp |
| 8:54 | Create | Villager (Male) |
| 9:02 | Build | House |
| 9:16 | Create | Villager (Male) |
| 9:24 | Create | Villager (Male) |
| 9:37 | Create | Villager (Male) |
| 10:00 | Build | House |
| 10:23 | Create | Villager (Male) |
| 10:43 | Create | Villager (Male) |
| 11:32 | Build | Barracks |
| 11:42 | Build | House |
| 11:53 | Create | Villager (Male) |
| 11:54 | Research | Loom |
| 12:20 | Research | Feudal Age |
| 12:39 | Build | House |
| 12:45 | Build | Palisade Wall |
| 12:47 | Build | Palisade Gate |
| 12:54 | Build | Palisade Wall |
| 13:05 | Create | Villager (Male) |
| 13:05 | Create | Villager (Male) |
| 15:07 | Age | Feudal Age |
| 15:10 | Build | Market |
| 15:12 | Build | Archery Range |
| 15:16 | Research | Double-Bit Axe |
| 15:40 | Build | Archery Range |
| 15:54 | Create | Spearman |
| 15:55 | Create | Spearman |
| 16:03 | Research | Castle Age |
| 16:38 | Create | Archer |
| 16:38 | Create | Archer |
| 16:46 | Create | Archer ×3 |
| 16:46 | Create | Archer ×3 |
| 16:58 | Create | Villager (Male) |
| 17:17 | Create | Archer |
| 17:18 | Create | Archer |
| 17:22 | Build | Blacksmith |
| 17:35 | Create | Villager (Male) |
| 17:37 | Create | Archer ×2 |
| 17:37 | Create | Archer ×2 |
| 17:58 | Create | Archer |
| 18:11 | Research | Fletching |
| 18:31 | Build | House |
| 18:43 | Age | Castle Age |
| 18:48 | Research | Crossbowman (upgrade) |
| 18:58 | Research | Bodkin Arrow |
| 19:03 | Build | Farm |
| 19:05 | Build | Farm |
| 19:14 | Create | Archer ×3 |
| 19:14 | Create | Archer ×3 |
| 19:25 | Create | Archer |
| 19:27 | Create | Villager (Male) |
| 19:27 | Create | Villager (Male) |
| 19:48 | Create | Villager (Male) |
| 19:52 | Build | House |
| 19:53 | Build | House |
| 20:09 | Research | Bow Saw |
| 20:37 | Build | Farm |
| 20:38 | Build | Farm |
| 20:40 | Build | Farm |
| 20:41 | Create | Villager (Male) |
| 20:53 | Build | House |
| 21:26 | Create | Archer ×2 |
| 21:26 | Create | Archer ×2 |
| 21:42 | Create | Villager (Male) |
| 21:55 | Create | Villager (Male) |
| 22:08 | Create | Villager (Male) |
| 22:11 | Build | Town Center |
| 22:12 | Create | Villager (Male) |
| 22:20 | Create | Archer ×2 |
| 22:20 | Create | Archer ×2 |
| 22:39 | Create | Archer |
| 22:39 | Create | Archer |
| 22:41 | Create | Villager (Male) |
| 23:07 | Create | Villager (Male) |
| 23:09 | Create | Archer ×2 |
| 23:09 | Create | Archer ×2 |
| 23:32 | Create | Villager (Male) |
| 23:35 | Create | Villager (Male) |
| 23:35 | Create | Villager (Male) |
| 23:57 | Build | Town Center |
| 24:28 | Create | Villager (Male) |
| 24:28 | Create | Villager (Male) |
| 24:30 | Build | Farm |
| 24:35 | Create | Villager (Male) |
| 24:35 | Create | Villager (Male) |
| 24:35 | Create | Villager (Male) |
| 25:13 | Create | Villager (Male) |
| 25:13 | Create | Villager (Male) |
| 25:16 | Build | Farm |
| 25:17 | Build | Farm |
| 25:18 | Create | Villager (Male) |
| 25:31 | Create | Villager (Male) |
| 25:48 | Build | Farm |
| 25:54 | Create | Villager (Male) |
| 25:54 | Create | Villager (Male) |
| 26:09 | Create | Villager (Male) |
| 26:10 | Create | Archer ×5 |
| 26:10 | Create | Archer ×5 |
| 26:10 | Create | Archer |
| 26:23 | Create | Villager (Male) |
| 26:24 | Build | House |
| 26:24 | Build | House |
| 26:25 | Build | House |
| 26:42 | Create | Villager (Male) |
| 26:49 | Build | Farm |
| 26:49 | Build | Farm |
| 26:58 | Build | Farm |
| 27:21 | Build | Farm |
| 27:24 | Create | Villager (Male) |
| 27:24 | Create | Villager (Male) |
| 27:25 | Create | Villager (Male) |
| 27:26 | Create | Villager (Male) |
| 27:26 | Create | Villager (Male) |
| 27:26 | Create | Villager (Male) |
| 27:33 | Create | Villager (Male) |
| 27:35 | Build | Farm |
| 27:41 | Create | Villager (Male) |
| 27:42 | Create | Archer ×2 |
| 27:42 | Create | Archer ×2 |
| 28:04 | Create | Villager (Male) |
| 28:14 | Build | Town Center |
| 28:15 | Create | Villager (Male) |
| 28:16 | Create | Villager (Male) |
| 28:32 | Create | Villager (Male) |
Build order — [Ne0] Nicolas del Caño
First 150 of 552 actions detected
| 0:12 | Build | Town Center |
| 2:06 | Build | House |
| 2:33 | Create | Villager (Male) |
| 2:33 | Create | Villager (Male) |
| 2:33 | Create | Villager (Male) |
| 2:33 | Create | Villager (Male) |
| 2:33 | Create | Villager (Male) |
| 2:34 | Create | Villager (Male) |
| 2:40 | Build | House |
| 3:28 | Create | Villager (Male) |
| 3:28 | Create | Villager (Male) |
| 3:29 | Create | Villager (Male) |
| 4:17 | Build | Lumber Camp |
| 4:21 | Create | Villager (Male) |
| 4:22 | Create | Villager (Male) |
| 4:22 | Create | Villager (Male) |
| 4:37 | Create | Villager (Male) |
| 5:06 | Create | Villager (Male) |
| 5:07 | Create | Villager (Male) |
| 5:07 | Create | Villager (Male) |
| 5:13 | Research | Loom |
| 5:14 | Create | Villager (Male) |
| 5:14 | Create | Villager (Male) |
| 5:14 | Create | Villager (Male) |
| 5:14 | Create | Villager (Male) |
| 6:15 | Create | Villager (Male) |
| 6:15 | Create | Villager (Male) |
| 6:15 | Create | Villager (Male) |
| 6:15 | Create | Villager (Male) |
| 6:46 | Create | Villager (Male) |
| 6:46 | Create | Villager (Male) |
| 7:11 | Build | House |
| 7:22 | Create | Villager (Male) |
| 7:23 | Create | Villager (Male) |
| 7:23 | Create | Villager (Male) |
| 7:23 | Create | Villager (Male) |
| 7:49 | Create | Villager (Male) |
| 8:15 | Create | Villager (Male) |
| 8:26 | Build | House |
| 8:27 | Build | House |
| 8:35 | Create | Villager (Male) |
| 8:52 | Build | Mill |
| 9:08 | Create | Villager (Male) |
| 10:08 | Build | Mining Camp |
| 10:11 | Research | Feudal Age |
| 11:12 | Create | Villager (Male) |
| 11:12 | Create | Villager (Male) |
| 13:03 | Age | Feudal Age |
| 13:04 | Build | Market |
| 13:05 | Build | Blacksmith |
| 13:29 | Research | Double-Bit Axe |
| 13:56 | Research | Castle Age |
| 14:25 | Research | Horse Collar |
| 14:25 | Research | Horse Collar |
| 14:25 | Research | Horse Collar |
| 14:48 | Build | House |
| 14:49 | Build | Palisade Wall |
| 14:58 | Create | Villager (Male) |
| 15:04 | Build | Farm |
| 15:08 | Build | Palisade Wall |
| 15:18 | Build | Farm |
| 15:26 | Build | Palisade Wall |
| 15:31 | Build | Palisade Wall |
| 15:37 | Build | Palisade Wall |
| 15:44 | Build | Palisade Wall |
| 16:36 | Age | Castle Age |
| 16:38 | Build | Town Center |
| 16:41 | Create | Villager (Male) |
| 17:15 | Create | Villager (Male) |
| 17:20 | Research | Bow Saw |
| 17:25 | Research | Wheelbarrow |
| 17:27 | Create | Villager (Male) |
| 17:38 | Create | Villager (Male) |
| 18:09 | Create | Villager (Male) |
| 18:13 | Create | Villager (Male) |
| 18:20 | Build | Town Center |
| 18:20 | Create | Villager (Male) |
| 18:24 | Create | Villager (Male) |
| 18:45 | Build | Farm |
| 18:48 | Build | Farm |
| 18:49 | Create | Villager (Male) |
| 19:00 | Create | Villager (Male) |
| 19:00 | Create | Villager (Male) |
| 19:01 | Create | Villager (Male) |
| 19:13 | Create | Villager (Male) |
| 19:14 | Build | Farm |
| 19:16 | Build | Farm |
| 19:18 | Create | Villager (Male) |
| 19:26 | Build | Farm |
| 19:26 | Create | Villager (Male) |
| 19:27 | Create | Villager (Male) |
| 19:29 | Create | Villager (Male) |
| 19:29 | Create | Villager (Male) |
| 19:29 | Create | Villager (Male) |
| 19:44 | Create | Villager (Male) |
| 19:44 | Create | Villager (Male) |
| 19:48 | Build | Barracks |
| 19:52 | Create | Villager (Male) |
| 19:52 | Create | Villager (Male) |
| 20:01 | Build | Farm |
| 20:15 | Build | House |
| 20:16 | Build | House |
| 20:18 | Build | House |
| 20:18 | Build | House |
| 20:19 | Create | Villager (Male) |
| 20:19 | Create | Villager (Male) |
| 20:19 | Create | Villager (Male) |
| 20:22 | Create | Villager (Male) |
| 20:22 | Create | Villager (Male) |
| 20:24 | Create | Villager (Male) |
| 20:24 | Create | Villager (Male) |
| 20:25 | Create | Villager (Male) |
| 20:35 | Create | Villager (Male) |
| 20:44 | Build | Archery Range |
| 20:48 | Build | Archery Range |
| 20:54 | Create | Villager (Male) |
| 20:54 | Create | Villager (Male) |
| 21:04 | Create | Villager (Male) |
| 21:04 | Create | Villager (Male) |
| 21:15 | Create | Villager (Male) |
| 21:15 | Create | Villager (Male) |
| 21:28 | Create | Villager (Male) |
| 21:28 | Create | Villager (Male) |
| 21:50 | Build | Siege Workshop |
| 21:50 | Create | Villager (Male) |
| 21:50 | Create | Villager (Male) |
| 21:51 | Create | Villager (Male) |
| 21:57 | Build | Farm |
| 21:58 | Build | Farm |
| 21:58 | Build | Farm |
| 21:58 | Build | Farm |
| 21:58 | Build | Farm |
| 21:58 | Build | Farm |
| 21:59 | Build | Farm |
| 21:59 | Build | Farm |
| 22:00 | Create | Villager (Male) |
| 22:01 | Create | Villager (Male) |
| 22:01 | Create | Villager (Male) |
| 22:14 | Build | Farm |
| 22:14 | Build | Farm |
| 22:15 | Build | Farm |
| 22:15 | Build | Farm |
| 22:28 | Create | Scorpion |
| 22:28 | Create | Scorpion |
| 22:29 | Create | Scorpion |
| 22:36 | Create | Villager (Male) |
| 22:36 | Create | Villager (Male) |
| 22:36 | Create | Villager (Male) |
| 22:42 | Build | Farm |
| 22:51 | Create | Scorpion ×2 |
Build order — [Ne0] Carlos Menem
First 150 of 425 actions detected
| 0:43 | Build | Town Center |
| 2:38 | Build | House |
| 2:55 | Build | House |
| 2:59 | Create | Villager (Male) |
| 2:59 | Create | Villager (Male) |
| 3:00 | Create | Villager (Male) |
| 3:26 | Create | Villager (Male) |
| 3:27 | Create | Villager (Male) |
| 4:09 | Create | Villager (Male) |
| 4:09 | Create | Villager (Male) |
| 4:30 | Create | Villager (Male) |
| 4:43 | Create | Villager (Male) |
| 5:18 | Build | Lumber Camp |
| 5:41 | Create | Villager (Male) |
| 6:13 | Create | Villager (Male) |
| 6:34 | Create | Villager (Male) |
| 6:34 | Create | Villager (Male) |
| 6:35 | Create | Villager (Male) |
| 6:48 | Build | House |
| 6:49 | Build | Palisade Wall |
| 6:59 | Build | House |
| 7:08 | Create | Villager (Male) |
| 7:09 | Create | Villager (Male) |
| 7:14 | Build | House |
| 7:19 | Build | House |
| 7:32 | Build | House |
| 7:46 | Create | Villager (Male) |
| 8:38 | Build | Mill |
| 8:52 | Create | Villager (Male) |
| 8:54 | Build | House |
| 9:05 | Create | Villager (Male) |
| 9:17 | Research | Loom |
| 9:34 | Research | Feudal Age |
| 11:10 | Build | Barracks |
| 11:12 | Build | Palisade Wall |
| 11:32 | Create | Villager (Male) |
| 11:52 | Age | Feudal Age |
| 11:59 | Build | Stable |
| 12:02 | Create | Villager (Male) |
| 12:23 | Build | House |
| 12:31 | Create | Villager (Male) |
| 12:41 | Research | Double-Bit Axe |
| 12:42 | Create | Scout Cavalry |
| 12:43 | Create | Scout Cavalry |
| 12:47 | Build | House |
| 13:06 | Create | Villager (Male) |
| 13:14 | Create | Scout Cavalry |
| 13:17 | Build | House |
| 13:18 | Build | House |
| 13:22 | Build | House |
| 13:24 | Build | House |
| 13:30 | Build | House |
| 13:34 | Create | Villager (Male) |
| 13:54 | Research | Horse Collar |
| 13:57 | Create | Villager (Male) |
| 14:18 | Build | Farm |
| 14:21 | Create | Scout Cavalry |
| 14:22 | Create | Villager (Male) |
| 14:26 | Build | Farm |
| 14:43 | Create | Scout Cavalry |
| 14:50 | Create | Villager (Male) |
| 14:52 | Build | Farm |
| 15:04 | Create | Villager (Male) |
| 15:20 | Create | Villager (Male) |
| 15:24 | Build | Farm |
| 15:26 | Build | Farm |
| 15:35 | Build | Mill |
| 15:43 | Create | Villager (Male) |
| 15:49 | Build | Farm |
| 15:51 | Create | Villager (Male) |
| 16:07 | Build | Farm |
| 16:12 | Build | Farm |
| 16:29 | Create | Villager (Male) |
| 16:39 | Build | Farm |
| 16:40 | Create | Villager (Male) |
| 16:46 | Build | House |
| 16:47 | Build | House |
| 16:53 | Build | House |
| 16:56 | Build | House |
| 16:59 | Create | Villager (Male) |
| 17:03 | Build | Farm |
| 17:04 | Create | Villager (Male) |
| 17:33 | Build | Farm |
| 17:38 | Create | Villager (Male) |
| 17:41 | Build | House |
| 17:43 | Build | House |
| 17:56 | Create | Villager (Male) |
| 18:00 | Build | Farm |
| 18:08 | Build | House |
| 18:16 | Create | Villager (Male) |
| 18:23 | Build | Farm |
| 18:27 | Build | Farm |
| 18:29 | Build | House |
| 18:37 | Create | Villager (Male) |
| 18:40 | Build | Stone Wall |
| 18:47 | Build | Stone Wall |
| 18:49 | Build | Stone Wall |
| 18:59 | Create | Villager (Male) |
| 19:02 | Build | Mining Camp |
| 19:15 | Build | House |
| 19:18 | Build | House |
| 19:20 | Build | House |
| 19:25 | Create | Villager (Male) |
| 19:31 | Build | Market |
| 20:06 | Create | Villager (Male) |
| 20:40 | Research | Castle Age |
| 21:23 | Create | Villager (Male) |
| 21:33 | Build | Mill |
| 21:34 | Build | Farm |
| 21:35 | Build | Farm |
| 21:35 | Build | Farm |
| 21:36 | Build | Farm |
| 21:36 | Build | Farm |
| 21:37 | Build | Farm |
| 21:37 | Build | Farm |
| 21:38 | Build | Farm |
| 21:41 | Build | Stable |
| 21:52 | Build | Blacksmith |
| 21:57 | Create | Villager (Male) |
| 22:03 | Build | Stable |
| 22:11 | Build | Palisade Wall |
| 22:15 | Build | Palisade Wall |
| 22:33 | Create | Villager (Male) |
| 22:37 | Research | Bloodlines |
| 22:40 | Build | Lumber Camp |
| 22:42 | Research | Scale Barding Armor |
| 23:20 | Age | Castle Age |
| 23:25 | Create | Knight |
| 23:26 | Create | Knight |
| 23:28 | Research | Chain Barding Armor |
| 23:29 | Create | Villager (Male) |
| 23:49 | Create | Villager (Male) |
| 23:56 | Create | Knight |
| 24:00 | Create | Villager (Male) |
| 24:21 | Build | Mining Camp |
| 24:28 | Build | Stone Wall |
| 24:31 | Build | Stone Wall |
| 24:37 | Create | Villager (Male) |
| 24:49 | Create | Villager (Male) |
| 24:49 | Create | Villager (Male) |
| 24:57 | Build | Town Center |
| 25:02 | Create | Villager (Male) |
| 25:04 | Create | Knight |
| 25:04 | Create | Knight |
| 25:15 | Create | Villager (Male) |
| 25:16 | Create | Villager (Male) |
| 25:22 | Research | Fletching |
| 25:29 | Build | Palisade Wall |
| 25:31 | Build | House |
| 25:52 | Create | Villager (Male) |
Match timeline
| 6:49 | [Ne0] Carlos Menem · wall_segment Palisade Wall x1 |
| 11:10 | [Ne0] Carlos Menem · first_building Barracks |
| 11:12 | [Ne0] Carlos Menem · wall_segment Palisade Wall x1 |
| 11:32 | capgam7ng · first_building Barracks |
| 11:52 | [Ne0] Carlos Menem · age_up feudal |
| 11:59 | [Ne0] Carlos Menem · first_building Stable |
| 12:45 | capgam7ng · wall_segment Palisade Wall x4 |
| 12:54 | capgam7ng · wall_segment Palisade Wall x5 |
| 13:03 | [Ne0] Nicolas del Caño · age_up feudal |
| 13:15 | Vukus · wall_segment Palisade Wall x7 |
| 13:34 | Vukus · age_up feudal |
| 14:42 | Vukus · wall_segment Palisade Wall x5 |
| 14:49 | [Ne0] Nicolas del Caño · wall_segment Palisade Wall x1 |
| 14:52 | Vukus · wall_segment Palisade Wall x5 |
| 14:54 | Vukus · wall_segment Palisade Wall x6 |
| 15:07 | capgam7ng · age_up feudal |
| 15:08 | [Ne0] Nicolas del Caño · wall_segment Palisade Wall x2 |
| 15:12 | capgam7ng · first_building Archery Range |
| 15:26 | [Ne0] Nicolas del Caño · wall_segment Palisade Wall x4 |
| 15:28 | Vukus · first_building Barracks |
| 15:31 | [Ne0] Nicolas del Caño · wall_segment Palisade Wall x13 |
| 15:37 | [Ne0] Nicolas del Caño · wall_segment Palisade Wall x12 |
| 15:44 | [Ne0] Nicolas del Caño · wall_segment Palisade Wall x8 |
| 16:23 | [Ne0] Nicolas del Caño · first_market_buy 100 wood |
| 16:30 | Vukus · first_building Stable |
| 16:36 | [Ne0] Nicolas del Caño · age_up castle |
| 16:45 | capgam7ng · first_market_sell 500 food |
| 17:28 | Vukus · first_market_sell 100 wood |
| 17:29 | Vukus · age_up castle |
| 18:23 | capgam7ng · first_market_buy 100 food |
| 18:40 | [Ne0] Carlos Menem · wall_segment Stone Wall x1 |
| 18:43 | capgam7ng · age_up castle |
| 18:47 | [Ne0] Carlos Menem · wall_segment Stone Wall x2 |
| 18:49 | [Ne0] Carlos Menem · wall_segment Stone Wall x1 |
| 18:53 | Vukus · wall_segment Palisade Wall x1 |
| 19:48 | [Ne0] Nicolas del Caño · first_building Barracks |
| 20:38 | [Ne0] Carlos Menem · first_market_sell 100 food |
| 20:44 | [Ne0] Nicolas del Caño · first_building Archery Range |
| 21:50 | [Ne0] Nicolas del Caño · first_building Siege Workshop |
| 22:11 | [Ne0] Carlos Menem · wall_segment Palisade Wall x3 |
| 22:15 | [Ne0] Carlos Menem · wall_segment Palisade Wall x4 |
| 23:20 | [Ne0] Carlos Menem · age_up castle |
| 24:28 | [Ne0] Carlos Menem · wall_segment Stone Wall x1 |
| 24:31 | [Ne0] Carlos Menem · wall_segment Stone Wall x1 |
| 25:29 | [Ne0] Carlos Menem · wall_segment Palisade Wall x1 |
| 26:11 | Vukus · first_market_buy 100 food |
| 27:11 | [Ne0] Nicolas del Caño · first_market_sell 100 wood |
| 28:54 | capgam7ng · first_building Castle |
| 30:20 | Vukus · first_building Siege Workshop |
| 31:04 | Vukus · tribute_sent a jugador 1 |
| 31:04 | Vukus · tribute_sent a jugador 2 |
| 31:04 | Vukus · tribute_sent a jugador 4 |
| 31:27 | [Ne0] Nicolas del Caño · first_building Monastery |
| 33:47 | Vukus · first_building Castle |
| 34:13 | capgam7ng · wall_segment Stone Wall x1 |
| 34:15 | capgam7ng · wall_segment Stone Wall x1 |
| 34:44 | [Ne0] Nicolas del Caño · first_building Castle |
| 35:28 | [Ne0] Nicolas del Caño · age_up imperial |
| 35:37 | capgam7ng · first_building Stable |
| 36:36 | [Ne0] Carlos Menem · wall_segment Palisade Wall x3 |
| 36:37 | [Ne0] Carlos Menem · wall_segment Palisade Wall x2 |
| 37:34 | Vukus · tribute_sent a jugador 1 |
| 37:34 | Vukus · tribute_sent a jugador 2 |
| 37:34 | Vukus · tribute_sent a jugador 4 |
| 38:45 | Vukus · age_up imperial |
| 39:28 | [Ne0] Carlos Menem · first_building Monastery |
| 40:11 | Vukus · tribute_sent a jugador 1 |
| 40:11 | Vukus · tribute_sent a jugador 2 |
| 40:11 | Vukus · tribute_sent a jugador 4 |
| 40:19 | [Ne0] Nicolas del Caño · tribute_sent a jugador 1 |
| 40:19 | [Ne0] Nicolas del Caño · tribute_sent a jugador 3 |
| 40:19 | [Ne0] Nicolas del Caño · tribute_sent a jugador 4 |
| 42:29 | Vukus · tribute_sent a jugador 1 |
| 42:29 | Vukus · tribute_sent a jugador 2 |
| 42:29 | Vukus · tribute_sent a jugador 4 |
| 43:30 | [Ne0] Carlos Menem · age_up imperial |
| 44:21 | [Ne0] Carlos Menem · wall_segment Palisade Wall x6 |
| 44:24 | [Ne0] Carlos Menem · wall_segment Palisade Wall x5 |
| 46:08 | [Ne0] Carlos Menem · first_building Siege Workshop |
| 46:18 | [Ne0] Carlos Menem · first_building Castle |
| 48:14 | capgam7ng · resign |
[ AI ANALYSIS · 1 CREDIT ]
What really happened in this match?
Wolo.gg analyzes every decision: build order, eco, micro, common mistakes by bracket. Personalized analysis on WhatsApp or Discord in 30 seconds.
Civ guide
Gurjaras
Perfil
Jugador #662845